 Dungeon Crawl Stone Soup version 0.32-a0-711-g016ad743e0 (webtiles) character file.

Game seed: 5335388026509620615

1397 retardedninja the Trooper (level 8, -4/67 HPs)
             Began as a Coglin Fighter on Mar 13, 2024.
             Slain by an ogre
             ... wielding a +0 giant club
              (17 damage)
             ... on level 6 of the Dungeon on Mar 15, 2024.
             The game lasted 00:09:30 (4959 turns).

retardedninja the Trooper (Coglin Fighter)          Turns: 4959, Time: 00:09:31

Health: -4/67      AC: 15    Str: 19    XL:     8   Next: 69%
Magic:  8/8        EV:  7    Int:  7    God:
Gold:   233        SH:  0    Dex: 14    Spells: 7/7 levels left

rFire   . . .        a - +0 war axe {Minoru}
rCold   . . .        m - +0 mace {Dongyul}
rNeg    . . .        e - +3 chain mail
rPois   .            p - +0 helmet
rElec   .            (no cloak)
rCorr   .            l - +0 pair of gloves
SInv    .            (no boots)
Will    .....        (amulet unavailable) Stlth
                     (ring unavailable)
HPRegen 0.31/turn    (ring unavailable)
MPRegen 0.11/turn    (no gizmo)

%: random rage (3%)
@: confused, ambrosia-drunk, revved
A: off-hand wielding, slow wielding, warmup strikes, no jewellery, berserk 1,
noise suppression
a: Invent Gizmo


You were on level 6 of the Dungeon.
You visited 2 branches of the dungeon, and saw 7 of its levels.
You also visited: Sewer.

You collected 233 gold pieces.

Inventory:

Hand Weapons
 a - a +0 war axe (weapon) {Minoru}
 m - a +0 mace (offhand) {Dongyul}
Armour
 e - a +3 chain mail (worn)
 l - a +0 pair of gloves (worn)
 p - a +0 helmet (worn)
Wands
 d - a wand of quicksilver (17)
Scrolls
 b - 2 scrolls of revelation
 f - 2 scrolls of fear
 h - a scroll of butterflies {unknown}
 j - a scroll of fog {unknown}
 k - a scroll of immolation {unknown}
 s - a scroll of noise {unknown}
 u - a scroll of enchant weapon {unknown}
Potions
 c - a potion of lignification
 g - a potion of cancellation
 n - a potion of magic
 o - a potion of invisibility
 q - 2 potions of enlightenment
 r - a potion of berserk rage
 t - a potion of curing {unknown}


   Skills:
 * Level 7.2 Fighting
 * Level 6.8 Axes
 + Level 5.0 Armour
 - Level 2.1 Shields


You had 7 spell levels left.
You didn't know any spells.
Your spell library contained the following spells:

 Spells                   Type           Power      Damage    Failure   Level
 Freeze                   Ice            0%         1d3       98%         1
 Jinxbite                 Hex            0%         N/A       99%         2
 Mercury Vapours          Alch/Air       0%         N/A       99%         2
 Frozen Ramparts          Ice            0%         1d1       100%        3
 Hailstorm                Conj/Ice       0%         3d5       100%        3
 Mephitic Cloud           Conj/Alch/Air  0%         N/A       100%        3
 Freezing Cloud           Conj/Ice/Air   0%         6-21      100%        5
 Yara's Violent Unravell  Hex/Alch       0%         3d3       100%        5
 Enfeeble                 Hex            0%         N/A       100%        7


Dungeon Overview and Level Annotations

Branches:
Dungeon (6/15)             Temple (1/1) D:4           Sewer (visited)

Altars:
Ashenzari
Elyvilon
Fedhas
Kikubaaqudgha
Makhleb
Okawaru
Qazlal
Trog
Uskayaw
Vehumet
Wu Jian
Xom
Yredelemnul
Zin

Annotations:
D:3 3 runed translucent doors, hecktor's ghost, amateur FoMo; robwolf's ghost, amateur HuIE; sychorax's ghost, amateur DgEE; ytrimaz's ghost, amateur CoBe


Innate Abilities, Weirdness & Mutations

You can wield a second weapon in your off-hand.
It takes a long time for you to wield or remove held weapons.
Your first few attacks do less damage.
You cannot equip rings or amulets.
You sometimes lose your temper in combat.
You passively dampen the noise of your surroundings.


Message History

Found a stone staircase leading down.
There is a stone staircase leading down here.
Key pressed, stopping explore.
Key pressed, stopping explore.
Key pressed, stopping explore.
Key pressed, stopping explore.
Found a stone staircase leading down.
There is a stone staircase leading down here.
Found a stone staircase leading up.
An ogre comes into view. It is wielding a +0 giant club.
The ogre shouts!
An ogre is nearby!
An ogre is nearby!
The ogre hits you with a +0 giant club!!
You are too injured to fight recklessly!
You are too injured to fight recklessly!
You are too injured to fight recklessly!
You are too injured to fight recklessly!
You are too injured to fight recklessly!
You are too injured to fight recklessly!
An ogre is nearby!
An ogre is nearby!
You are too injured to fight recklessly!
You hit the ogre but do no damage. You hit the ogre with your +0 war axe.
You hit the ogre with your +0 war axe.
The ogre is lightly wounded.
You hit the ogre with your +0 mace.
The ogre hits you with a +0 giant club!!
You hit the ogre with your +0 war axe.
The ogre is moderately wounded.
You sock the ogre with your +0 mace! The ogre closely misses you.
You barely miss the ogre with your +0 war axe.
The ogre is heavily wounded.
You hit the ogre with your +0 mace.
The ogre hits you with a +0 giant club!!
* * * LOW HITPOINT WARNING * * *
You are confused.
You feel invigorated.
You're too confused to move!
The ogre hits you with a +0 giant club!
You die...

####### #######
.....######......
............#####
#.####..........
#....>...#.#####
#.####.###.# #
#.#######.# #.#
#.# # ......O@..#
#.# #.# #
.......#...# #.#
#.# #
...........# #.#
#.# ..####...<.#
#.# #.# . #.....#
#.# #.# .......
... ##.....#.
.........


You could see an ogre.

Vanquished Creatures
  2 ogres
  A crocodile (Sewer)
  2 centaurs
  A phantom (D:5)
  2 kobold brigands (Sewer)
  A brain worm (Sewer)
  A gnoll sergeant (D:4)
  2 scorpions
  2 bombardier beetles
  3 hounds
  A sleepcap (D:5)
  An iguana (D:4)
  13 gnolls
  8 adders
  3 river rats
  A dart slug (D:3)
  2 ribbon worms (D:3)
  2 orcs
  13 ball pythons
  5 bats
  4 endoplasms
  5 giant cockroaches
  6 goblins
  8 hobgoblins
  8 jackals
  8 kobolds
  4 quokkas
  3 frilled lizards
  9 rats
121 creatures vanquished.

Notes
Turn   | Place    | Note
-------+----------+-------------------------------------------
     0 | D:1      | retardedninja the Coglin Fighter began the quest for the
                  | Orb.
     0 | D:1      | Reached XP level 1. HP: 18/18 MP: 1/1
    82 | D:1      | Reached XP level 2. HP: 21/24 MP: 2/2
   239 | D:1      | Upgraded the game from 0.32-a0-699-g1ee5eff69a to
                  | 0.32-a0-711-g016ad743e0
   465 | D:2      | Found a faded altar of an unknown god.
   484 | D:2      | Reached XP level 3. HP: 29/29 MP: 3/3
  1003 | D:1      | Reached XP level 4. HP: 35/37 MP: 4/4
  1410 | D:3      | Reached skill level 4 in Fighting
  1527 | D:3      | Found a radiant altar of Vehumet.
  1594 | D:3      | Found a runed translucent gate.
  1596 | D:3      | Noticed hecktor's ghost (amateur FoMo)
  1598 | D:3      | Found a runed translucent gate.
  1598 | D:3      | Noticed robwolf's ghost (amateur HuIE)
  1598 | D:3      | Noticed ytrimaz's ghost (amateur CoBe)
  1599 | D:3      | Found a runed translucent gate.
  1599 | D:3      | Noticed sychorax's ghost (amateur DgEE)
  1629 | D:3      | Found a bloodstained altar of Trog.
  1749 | D:3      | Noticed a scorpion
  1758 | D:3      | Killed a scorpion
  1759 | D:3      | Reached XP level 5. HP: 17/43 MP: 5/5
  1927 | D:3      | Found a glowing drain.
  1939 | Sewer    | Entered a sewer
  1957 | Sewer    | Noticed a kobold brigand
  1969 | Sewer    | Killed a kobold brigand
  1970 | Sewer    | Reached XP level 6. HP: 18/50 MP: 6/6
  2175 | Sewer    | Reached skill level 5 in Fighting
  2350 | Sewer    | Reached XP level 7. HP: 44/56 MP: 7/7
  2455 | Sewer    | Gained mutation: You sometimes lose your temper in combat.
                  | [potion of mutation]
  2455 | Sewer    | Gained mutation: You passively dampen the noise of your
                  | surroundings. [potion of mutation]
  2458 | Sewer    | Reached skill level 5 in Axes
  2906 | D:4      | Found a staircase to the Ecumenical Temple.
  2926 | Temple   | Entered the Ecumenical Temple
  2997 | D:4      | Reached skill level 6 in Fighting
  3474 | D:5      | Entered Level 5 of the Dungeon
  3496 | D:5      | Found a broken altar of Ashenzari.
  3496 | D:5      | Found a basalt altar of Yredelemnul.
  3532 | D:5      | Reached XP level 8. HP: 54/64 MP: 8/8
  4546 | D:5      | Reached skill level 7 in Fighting
  4664 | D:5      | Reached skill level 5 in Armour
  4688 | D:5      | Found an ornate altar of the Wu Jian Council.
  4959 | D:6      | Slain by an ogre

Illustrated notes

Levels and vault maps discovered:
D:1:      dpeg_arrival_prison, layout_loops_ring
D:2:      layout_rooms, shapermc_ecumenical_altar_venn
D:3:      layout_rooms, nicolae_vehumet_altar_sigil, trog_book,
          gammafunk_ghost_cemetery, portal_sewer_entry_e
D:4:      layout_rooms, minmay_temple_entry_ruins
D:5:      layout_basic, mainiacjoe_overflow_paths,
          nicolae_overflow_two_pavilions
D:6:      layout_loops_ring, kennysheep_slug_shrine, nemelex_dance_club_becter,
          minmay_three_doors
Temple:   nicolae_temple_cloud_nine

Skill      XL: |  1  2  3  4  5  6  7  8 |
---------------+-------------------------+-----
Armour         | 3 4 5 |  5.0
Axes           | 3 4 5 6 |  6.8
Fighting       | 4 5 6 7 |  7.2
Shields        | |  2.1

Action                     |  1- 3 |  4- 6 |  7- 9 || total
---------------------------+-------+-------+-------++-------
  Melee: War axe           |    70 |    87 |   121 ||   278
         Mace              |       |    83 |   116 ||   199
    Use: Scroll            |     1 |       |     7 ||     8
         Potion            |       |     2 |     3 ||     5
 Armour: Scale mail        |    16 |       |       ||    16
         Chain mail        |    41 |   110 |   166 ||   317
  Dodge: Dodged            |    24 |    33 |    54 ||   111
  Block: Buckler           |    17 |       |       ||    17

Table legend: (Time is in decaauts)
 A = Elapsed time spent in this place.
 B = Non-inter-level travel time spent in this place.
 C = Inter-level travel time spent in this place.
 D = Time resting spent in this place.
 E = Time spent auto-exploring this place.
 F = Levels seen in this place.
 G = Mean time per level.
                   A        B        C        D        E       F      G
               +--------+--------+--------+--------+--------+-----+--------+
         Total |   5158 |   4924 |    234 |    903 |   3103 |   8 |  644.8 |
       Dungeon |   4213 |   3979 |    234 |    770 |   2469 |   6 |  702.2 |
        Temple |     35 |     35 |      0 |      0 |     34 |   1 |   35.0 |
         Sewer |    908 |    908 |      0 |    133 |    600 |   1 |  908.0 |
               +--------+--------+--------+--------+--------+-----+--------+

Top non-repeatable levels by time:
     D:4: 1079 daAuts
     D:5: 931 daAuts
   Sewer: 908 daAuts
     D:1: 881 daAuts
     D:3: 709 daAuts
     D:2: 530 daAuts
     D:6: 82 daAuts
  Temple: 35 daAuts
